 Dungeon Crawl Stone Soup version 0.27-a0-1525-g1038ab4fd7 (webtiles) character file.

Game seed: 10322439560096398258

21 pokeman the Magician (level 2, -1/16 HPs)
             Began as a Deep Elf Hedge Wizard on July 10, 2021.
             Slain by a kobold (2 damage)
             ... on level 1 of the Dungeon.
             The game lasted 00:02:02 (1015 turns).

pokeman the Magician (Deep Elf Hedge Wizard)        Turns: 1015, Time: 00:02:04

Health: -1/16      AC:  2    Str:  7    XL:     2   Next: 65%
Magic:  4/9        EV: 12    Int: 18    God:
Gold:   59         SH:  0    Dex: 14    Spells: 9/10 levels left

rFire    . . .     SeeInvis .   a - +0 dagger
rCold    . . .     Faith    .   (no shield)
rNeg     . . .     Spirit   .   b - +0 robe
rPois    .         Reflect  .   c - +0 hat
rElec    .         Harm     .   (no cloak)
rCorr    .         Rampage  .   (no gloves)
Will     .....                  (no boots)
Stlth    ++........             (no amulet)
HPRegen  0.05/turn              (no ring)
MPRegen  0.11/turn              (no ring)

@: very slightly contaminated
A: no striking features
a: no special abilities


You were on level 1 of the Dungeon.
You visited 1 branch of the dungeon, and saw 1 of its levels.

You collected 59 gold pieces.

Inventory:

Hand Weapons
 a - a +0 dagger (weapon)
Armour
 b - a +0 robe (worn)
 c - a +0 hat (worn)
Scrolls
 e - a scroll of identify {unknown}
Potions
 d - a potion of flight {unknown}


   Skills:
 + Level 0.6 Fighting
 + Level 0.6 Armour
 - Level 2.4 Dodging
 - Level 2.4 Stealth
 * Level 4.9 Spellcasting
 + Level 1.6 Conjurations
 - Level 1.1 Summonings
 - Level 1.1 Translocations


You had 9 spell levels left.
You knew the following spells:

 Your Spells              Type           Power      Damage    Failure   Level
a - Magic Dart            Conj           40%        1d5       7%          1

Your spell library contained the following spells:

 Spells                   Type           Power      Damage    Failure   Level
 Blink                    Tloc           N/A        N/A       13%         2
 Call Imp                 Summ           8%         N/A       13%         2
 Slow                     Hex            4%         N/A       21%         2
 Conjure Flame            Conj/Fire      7%         6-21      28%         3
 Mephitic Cloud           Conj/Pois/Air  6%         N/A       32%         3


Dungeon Overview and Level Annotations

Branches:
Dungeon (1/15)

Altars:


Message History

The kobold misses you.
The kobold throws a stone.
The stone hits you.
The kobold throws a stone.
The stone misses you.
Your magical contamination has completely faded away.
You closely miss the jackal. The jackal closely misses you.
The jackal bites you.
You barely miss the jackal. The jackal barely misses you.
You hit the jackal but do no damage. The jackal bites you.
You hit the jackal but do no damage. The jackal barely misses you.
The jackal misses you.
You hit the jackal but do no damage. The jackal bites you.
You closely miss the jackal. The jackal misses you.
The jackal closely misses you.
You completely miss the jackal. The jackal barely misses you.
You hit the jackal but do no damage. The jackal closely misses you.
The jackal barks!
You hit the jackal.
The jackal is heavily wounded.
The jackal misses you. The jackal bites you.
You hit the jackal.
You kill the jackal!
Casting: Magic Dart (safe; 7% risk of failure)
Confirm with . or Enter, or press ? or * to list all spells.
Aiming: Magic Dart (safe; 7% risk of failure)
Press: ? - help, Shift-Dir - straight line, f/p - kobold
Aim: a kobold, wielding a +0 short sword and quivering stones (moderately wounded, 100% to hit)
You miscast Magic Dart.
You are very lightly contaminated with residual magic.
Nothing appears to happen.
The kobold hits you with a +0 short sword.
* * * LOW HITPOINT WARNING * * *
Casting: Magic Dart (safe; 7% risk of failure)
Confirm with . or Enter, or press ? or * to list all spells.
Aiming: Magic Dart (safe; 7% risk of failure)
Press: ? - help, Shift-Dir - straight line, f/p - kobold
Aim: a kobold, wielding a +0 short sword and quivering stones (moderately wounded, 100% to hit)
The magic dart hits the kobold.
The kobold is heavily wounded.
The kobold hits you with a +0 short sword.
You die...

#........##
###.##......#
##.#.##.###..#
#########....##.#
#..#
.............>..#
#..#
#########....####
#..# ..# ##.#.#
#..# #.#
#.#.######..# #)#
#.#....@Kh..#
#)##
#+#########.#
.).# #.# #†.# #.#
...# ##K##
...###. ####...##
........
+.......#
...###..
####...## .#.#
####.#####


You could see a jackal and a kobold.

Vanquished Creatures
  A dart slug (D:1)
  2 bats (D:1)
  An endoplasm (D:1)
  4 goblins (D:1)
  A hobgoblin (D:1)
  4 jackals (D:1)
  A kobold (D:1)
  2 frilled lizards (D:1)
  A rat (D:1)
17 creatures vanquished.

Notes
Turn   | Place    | Note
-------+----------+-------------------------------------------
     0 | D:1      | pokeman the Deep Elf Hedge Wizard began the quest for the
                  | Orb.
     0 | D:1      | Reached XP level 1. HP: 10/10 MP: 7/7
   487 | D:1      | Reached XP level 2. HP: 16/16 MP: 1/9
  1015 | D:1      | Slain by a kobold

Illustrated notes

Levels and vault maps discovered:
D:1:      lightli_iron_boxes, layout_loops_corners,
          shapermc_ecumenical_altar_petra

Action                   || total
-------------------------++-------
Melee: Dagger            ||    29
 Cast: Magic Dart        ||    55
Armor: Robe              ||    13
Dodge: Dodged            ||    31

Table legend: (Time is in decaauts)
 A = Elapsed time spent in this place.
 B = Non-inter-level travel time spent in this place.
 C = Inter-level travel time spent in this place.
 D = Time resting spent in this place.
 E = Time spent auto-exploring this place.
 F = Levels seen in this place.
 G = Mean time per level.
                   A        B        C        D        E       F      G
               +--------+--------+--------+--------+--------+-----+--------+
         Total |   1015 |   1015 |      0 |    309 |    570 |   1 | 1015.0 |
       Dungeon |   1015 |   1015 |      0 |    309 |    570 |   1 | 1015.0 |
               +--------+--------+--------+--------+--------+-----+--------+

Top non-repeatable levels by time:
     D:1: 1015 daAuts
